| TOP OF THE 1ST |
|
Lexington Legends batting - Pitching for Delmarva Shorebirds : RHP Jason Turley
|
|
Pitching: RHP Jason Turley
|
|
|
Batting: RHB Mike Bearden
|
0-0: Called Strike 0-1: Ball 1-1: Ball 2-1: Called Strike 2-2: Strikes out swinging
|
|
Batting: RHB Jonas Fernandez
|
0-0: Foul Ball, location: 2F 0-1: Foul Ball, location: 2F 0-2: Ball 1-2: Foul Ball, location: 2F 1-2: Fly out, F9 (Flyball, 89D, EV 100.0 MPH)
|
|
Batting: RHB Carlos Almada
|
0-0: Ball 1-0: Called Strike 1-1: Called Strike 1-2: Strikes out swinging, 2-3 out at first.
|
| Top of the 1st over - 0 runs, 0 hits, 0 errors, 0 left on base; Lexington 0 - Delmarva 0 |
| BOTTOM OF THE 1ST |
|
Delmarva Shorebirds batting - Pitching for Lexington Legends : LHP Brett Reed
|
|
Pitching: LHP Brett Reed
|
|
|
Batting: SHB Eric Kelley
|
0-0: Ball 1-0: Called Strike 1-1: Ball 2-1: Called Strike 2-2: Strikes out swinging
|
|
Batting: RHB Ethan Finke
|
0-0: Ground out 5-3 (Groundball, 56, EV 100.0 MPH)
|
|
Batting: RHB Maup Gommers
|
0-0: Ball 1-0: Ball 2-0: Ball 3-0: Base on Balls
|
|
Batting: RHB Ken Manser
|
0-0: SINGLE (Groundball, 6MD, EV 95.0 MPH) Maup Gommers to second
|
|
Batting: LHB Sam Williams
|
0-0: Called Strike 0-1: Foul Ball, location: 2F 0-2: Strikes out looking
|
| Bottom of the 1st over - 0 runs, 1 hit, 0 errors, 2 left on base; Lexington 0 - Delmarva 0 |
| TOP OF THE 2ND |
|
Lexington Legends batting - Pitching for Delmarva Shorebirds : RHP Jason Turley
|
|
Batting: LHB Joe Cozart
|
0-0: Foul Ball, location: 2F 0-1: Ball 1-1: Fly out, F6 (Popup, 6M, EV 53.8 MPH)
|
|
Batting: LHB Mike Bhatti
|
0-0: Called Strike 0-1: Ground out 4-3 (Groundball, 4, EV 91.9 MPH)
|
|
Batting: LHB Vicente Hernandez
|
0-0: Called Strike 0-1: Swinging Strike 0-2: Ball 1-2: Strikes out swinging
|
| Top of the 2nd over - 0 runs, 0 hits, 0 errors, 0 left on base; Lexington 0 - Delmarva 0 |
| BOTTOM OF THE 2ND |
|
Delmarva Shorebirds batting - Pitching for Lexington Legends : LHP Brett Reed
|
|
Batting: RHB Carlos Teniente
|
0-0: Ball 1-0: Ball 2-0: Fly out, F4 (Popup, 34, EV 69.4 MPH)
|
|
Batting: RHB Simon Van Steenwyk
|
0-0: Ground out 6-3 (Groundball, 6M, EV 100.0 MPH)
|
|
Batting: LHB Vinny Rivera
|
0-0: Ball 1-0: Swinging Strike 1-1: Swinging Strike 1-2: Strikes out swinging
|
| Bottom of the 2nd over - 0 runs, 0 hits, 0 errors, 0 left on base; Lexington 0 - Delmarva 0 |
| TOP OF THE 3RD |
|
Lexington Legends batting - Pitching for Delmarva Shorebirds : RHP Jason Turley
|
|
Batting: LHB Shohei Nishi
|
0-0: Foul Ball, location: 2F 0-1: Foul Ball, location: 2F 0-2: Ball 1-2: SINGLE (Groundball, 34D, EV 103.8 MPH)
|
|
Batting: SHB Danny Ballenger
|
0-0: Ball 1-0: Ball 2-0: Ball 3-0: Called Strike 3-1: Base on Balls Shohei Nishi to second
|
|
Batting: RHB Trevor Kingston
|
0-0: Fielders Choice at 2nd, 5-4 (Groundball, 56, EV 100.6 MPH) Shohei Nishi to third
|
|
Batting: RHB Mike Bearden
|
0-0: Ball 1-0: Called Strike 1-1: Called Strike 1-2: Ball 2-2: Foul Ball, location: 2F 2-2: Ground out 4-3 (Groundball, 34S, EV 93.1 MPH) Shohei Nishi scores Trevor Kingston to second
|
|
Batting: RHB Jonas Fernandez
|
0-0: Ball 1-0: Foul Ball, location: 2F 1-1: Called Strike 1-2: Foul Ball, location: 2F 1-2: Ground out 5-3 (Groundball, 56S, EV 91.2 MPH)
|
| Top of the 3rd over - 1 run, 1 hit, 0 errors, 1 left on base; Lexington 1 - Delmarva 0 |
| BOTTOM OF THE 3RD |
|
Delmarva Shorebirds batting - Pitching for Lexington Legends : LHP Brett Reed
|
|
Batting: RHB Ruben Domingues
|
0-0: SOLO HOME RUN (Flyball, 7D, EV 96.2 MPH), Distance : 372 ft
|
|
Batting: SHB Eric Kelley
|
0-0: Called Strike 0-1: Ground out 6-3 (Groundball, 6, EV 90.6 MPH)
|
|
Batting: RHB Ethan Finke
|
0-0: Ball 1-0: Ball 2-0: Ball 3-0: Base on Balls
|
|
Batting: RHB Maup Gommers
|
0-0: Ball 1-0: SINGLE (Groundball, 56D, EV 100.6 MPH) Ethan Finke to second
|
|
Batting: RHB Ken Manser
|
0-0: Called Strike 0-1: Swinging Strike 0-2: Foul Ball, location: 2F 0-2: Strikes out swinging
|
|
Batting: LHB Sam Williams
|
0-0: Foul Ball, location: 2F 0-1: Ball 1-1: Foul Ball, location: 2F 1-2: Ball Balk! Ethan Finke to third Maup Gommers to second 2-2: Foul Ball, location: 2F 2-2: Ball 3-2: Strikes out swinging
|
| Bottom of the 3rd over - 1 run, 2 hits, 0 errors, 2 left on base; Lexington 1 - Delmarva 1 |
| TOP OF THE 4TH |
|
Lexington Legends batting - Pitching for Delmarva Shorebirds : RHP Jason Turley
|
|
Batting: RHB Carlos Almada
|
0-0: Swinging Strike 0-1: Ball 1-1: Swinging Strike 1-2: Foul Ball, location: 2F 1-2: Strikes out swinging
|
|
Batting: LHB Joe Cozart
|
0-0: Ball 1-0: Ball 2-0: Ball 3-0: Called Strike 3-1: Called Strike 3-2: SOLO HOME RUN (Flyball, 9D, EV 93.1 MPH), Distance : 354 ft
|
|
Batting: LHB Mike Bhatti
|
0-0: Swinging Strike 0-1: Foul Ball, location: 2F 0-2: Ground out 1-3 (Groundball, 13, EV 65.0 MPH)
|
|
Batting: LHB Vicente Hernandez
|
0-0: Ball 1-0: Ball 2-0: Ball 3-0: Base on Balls
|
|
Batting: LHB Shohei Nishi
|
0-0: Fly out, F7 (Line Drive, 7S, EV 95.6 MPH)
|
| Top of the 4th over - 1 run, 1 hit, 0 errors, 1 left on base; Lexington 2 - Delmarva 1 |
| BOTTOM OF THE 4TH |
|
Delmarva Shorebirds batting - Pitching for Lexington Legends : LHP Brett Reed
|
|
Batting: RHB Carlos Teniente
|
0-0: Ball 1-0: Called Strike 1-1: Ball 2-1: Ball 3-1: Base on Balls
|
|
Batting: RHB Simon Van Steenwyk
|
0-0: Ball 1-0: Ball 2-0: Called Strike 2-1: Fielders Choice at 2nd, 1-4 (Groundball, 15S, EV 60.0 MPH)
|
|
Batting: LHB Vinny Rivera
|
0-0: Foul Ball, location: 2F 0-1: Ball 1-1: Foul Ball, location: 2F 1-2: DOUBLE (Line Drive, 7LM, EV 107.5 MPH) Simon Van Steenwyk to third
|
|
Batting: RHB Ruben Domingues
|
0-0: Called Strike 0-1: Ball 1-1: Ground out 5-3 (Groundball, 56S, EV 81.2 MPH) Simon Van Steenwyk scores
|
|
Batting: SHB Eric Kelley
|
0-0: Foul Ball, location: 2F 0-1: Foul Ball, location: 2F 0-2: Ball 1-2: Strikes out swinging
|
| Bottom of the 4th over - 1 run, 1 hit, 0 errors, 1 left on base; Lexington 2 - Delmarva 2 |
| TOP OF THE 5TH |
|
Lexington Legends batting - Pitching for Delmarva Shorebirds : RHP Jason Turley
|
|
Batting: SHB Danny Ballenger
|
0-0: Foul Ball, location: 2F 0-1: SINGLE (Line Drive, 9S, EV 89.4 MPH)
|
|
Batting: RHB Trevor Kingston
|
0-0: Called Strike 0-1: Foul Ball, location: 2F 0-2: Strikes out swinging
|
|
Batting: RHB Mike Bearden
|
Balk! Danny Ballenger to second 0-0: Called Strike 0-1: Swinging Strike 0-2: Foul Ball, location: 2F 0-2: Reached on error, E6 (Groundball, 6, EV 80.6 MPH) Danny Ballenger to third
|
|
Batting: RHB Jonas Fernandez
|
0-0: Ball 1-0: Foul Ball, location: 2F 1-1: Swinging Strike 1-2: Strikes out swinging
|
|
Batting: RHB Carlos Almada
|
0-0: Ball 1-0: Ball 2-0: Foul Ball, location: 2F 2-1: SINGLE (Line Drive, 6MD, EV 104.4 MPH) Danny Ballenger scores Mike Bearden to second
|
|
Pitching: RHP Mark Lloyd
|
|
|
Batting: LHB Joe Cozart
|
0-0: Ball 1-0: Foul Ball, location: 2F 1-1: Ball 2-1: Fly out, F8 (Flyball, 8RS, EV 92.5 MPH)
|
| Top of the 5th over - 1 run, 2 hits, 1 error, 2 left on base; Lexington 3 - Delmarva 2 |
| BOTTOM OF THE 5TH |
|
Delmarva Shorebirds batting - Pitching for Lexington Legends : LHP Brett Reed
|
|
Batting: RHB Ethan Finke
|
0-0: Ball 1-0: Ball 2-0: Called Strike 2-1: Ball 3-1: Base on Balls
|
|
Batting: RHB Maup Gommers
|
0-0: Ball 1-0: Foul Ball, location: 2F 1-1: Ball 2-1: Fly out, F9 (Flyball, 89M, EV 84.4 MPH)
|
|
Batting: RHB Ken Manser
|
0-0: Called Strike 0-1: Ball 1-1: Ball 2-1: Swinging Strike 2-2: Ball 3-2: DOUBLE (Line Drive, 78M, EV 108.1 MPH) Ethan Finke to third Ethan Finke scores
|
|
Batting: LHB Sam Williams
|
0-0: Ball 1-0: DOUBLE (Line Drive, 3D, EV 99.4 MPH) Ken Manser scores
|
|
Pitching: RHP Paul Gibbens
|
|
|
Batting: RHB Carlos Teniente
|
0-0: Called Strike 0-1: Fly out, F9 (Flyball, 89D, EV 98.1 MPH)
|
|
Batting: RHB Simon Van Steenwyk
|
0-0: Ball 1-0: Foul Ball, location: 2F 1-1: Ball 2-1: Called Strike 2-2: Ball 3-2: Base on Balls
|
|
Batting: LHB Vinny Rivera
|
0-0: Ball 1-0: Swinging Strike 1-1: SINGLE (Line Drive, 34D, EV 109.4 MPH) Sam Williams to third Simon Van Steenwyk to second
|
|
Batting: RHB Ruben Domingues
|
0-0: Called Strike 0-1: Ball 1-1: Fly out, F8 (Flyball, 8LXD, EV 94.4 MPH)
|
| Bottom of the 5th over - 2 runs, 3 hits, 0 errors, 3 left on base; Lexington 3 - Delmarva 4 |
| TOP OF THE 6TH |
|
Lexington Legends batting - Pitching for Delmarva Shorebirds : RHP Mark Lloyd
|
|
Batting: LHB Mike Bhatti
|
0-0: Swinging Strike 0-1: Ball 1-1: Ball 2-1: Ground out 4-3 (Groundball, 4S, EV 87.5 MPH)
|
|
Batting: LHB Vicente Hernandez
|
0-0: Foul Ball, location: 2F 0-1: Swinging Strike 0-2: Ball 1-2: Strikes out swinging
|
|
Batting: LHB Shohei Nishi
|
0-0: Called Strike 0-1: Ball 1-1: Swinging Strike 1-2: Strikes out swinging
|
| Top of the 6th over - 0 runs, 0 hits, 0 errors, 0 left on base; Lexington 3 - Delmarva 4 |
| BOTTOM OF THE 6TH |
|
Delmarva Shorebirds batting - Pitching for Lexington Legends : RHP Paul Gibbens
|
|
Batting: SHB Eric Kelley
|
0-0: Called Strike 0-1: Ground out 1-3 (Groundball, P, EV 72.5 MPH)
|
|
Batting: RHB Ethan Finke
|
0-0: Called Strike 0-1: Ball 1-1: Ball 2-1: Called Strike 2-2: Foul Ball, location: 2F 2-2: Strikes out swinging
|
|
Batting: RHB Maup Gommers
|
0-0: Called Strike 0-1: Ball 1-1: Ball 2-1: Fly out, F5 (Popup, 5SF, EV 77.5 MPH)
|
| Bottom of the 6th over - 0 runs, 0 hits, 0 errors, 0 left on base; Lexington 3 - Delmarva 4 |
| TOP OF THE 7TH |
|
Lexington Legends batting - Pitching for Delmarva Shorebirds : RHP Mark Lloyd
|
|
Batting: SHB Danny Ballenger
|
0-0: Foul Ball, location: 2F 0-1: Foul Ball, location: 2F 0-2: Ball 1-2: Foul Ball, location: 2F 1-2: Ball 2-2: Foul Ball, location: 2F 2-2: Ball 3-2: Foul Ball, location: 2F 3-2: SINGLE (Groundball, 34D, EV 95.0 MPH)
|
|
Batting: RHB Trevor Kingston
|
0-0: Called Strike 0-1: SINGLE (Groundball, 6D, EV 95.0 MPH) Danny Ballenger to second
|
|
Pinch Hitting: LHB Danny Zuniga
|
0-0: Foul Ball, location: 2F 0-1: Called Strike 0-2: Ball 1-2: Ball 2-2: Ball 3-2: Foul Ball, location: 2F 3-2: Strikes out swinging
|
|
Batting: RHB Jonas Fernandez
|
0-0: Ball 1-0: Fly out, F5 (Popup, 5S, EV 75.0 MPH)
|
|
Pitching: LHP Justin Hinton
|
|
|
Batting: RHB Carlos Almada
|
0-0: Ball 1-0: Called Strike 1-1: SINGLE (Groundball, 56D, EV 99.4 MPH) Danny Ballenger to third Trevor Kingston to second Runner from 3rd tries for Home, SAFE, throw by LF to home
|
|
Batting: LHB Joe Cozart
|
0-0: Ground out U3 (Groundball, 34S, EV 85.6 MPH)
|
| Top of the 7th over - 1 run, 3 hits, 0 errors, 2 left on base; Lexington 4 - Delmarva 4 |
| BOTTOM OF THE 7TH |
|
Delmarva Shorebirds batting - Pitching for Lexington Legends : RHP Paul Gibbens
|
|
Pitching: RHP Josh Rutledge
|
|
|
Now in LF: Alex Cavazos
|
|
|
Batting: RHB Ken Manser
|
0-0: Swinging Strike 0-1: Ball 1-1: Foul Ball, location: 2F 1-2: Foul Ball, location: 2F 1-2: Foul Ball, location: 2F 1-2: Ball 2-2: Ground out 5-3 (Groundball, 56, EV 110.0 MPH)
|
|
Batting: LHB Sam Williams
|
0-0: Foul Ball, location: 2F 0-1: Called Strike 0-2: Foul Ball, location: 2F 0-2: Foul Ball, location: 2F 0-2: Ball 1-2: Ball 2-2: Ball 3-2: SOLO HOME RUN (Line Drive, 9D, EV 93.1 MPH), Distance : 373 ft
|
|
Batting: RHB Carlos Teniente
|
0-0: Ground out 6-3 (Groundball, 6, EV 106.9 MPH)
|
|
Batting: RHB Simon Van Steenwyk
|
0-0: Foul Ball, location: 2F 0-1: Hit by Pitch
|
|
Batting: LHB Vinny Rivera
|
0-0: Called Strike 0-1: Called Strike Simon Van Steenwyk steals 2nd base 0-2: Strikes out swinging
|
| Bottom of the 7th over - 1 run, 1 hit, 0 errors, 1 left on base; Lexington 4 - Delmarva 5 |
| TOP OF THE 8TH |
|
Lexington Legends batting - Pitching for Delmarva Shorebirds : LHP Justin Hinton
|
|
Batting: LHB Mike Bhatti
|
0-0: Ball 1-0: Foul Ball, location: 2F 1-1: Foul Ball, location: 2F 1-2: Ball 2-2: Fly out, F8 (Flyball, 8RD, EV 80.0 MPH)
|
|
Pinch Hitting: RHB Chance Argy
|
0-0: Ball 1-0: Ball 2-0: Ball 3-0: Called Strike 3-1: Foul Ball, location: 2F 3-2: Foul Ball, location: 2F 3-2: Ground out 4-3 (Groundball, 34, EV 109.4 MPH)
|
|
Batting: LHB Shohei Nishi
|
0-0: Called Strike 0-1: Foul Ball, location: 2F 0-2: Strikes out swinging
|
| Top of the 8th over - 0 runs, 0 hits, 0 errors, 0 left on base; Lexington 4 - Delmarva 5 |
| BOTTOM OF THE 8TH |
|
Delmarva Shorebirds batting - Pitching for Lexington Legends : RHP Josh Rutledge
|
|
Pitching: RHP Bryan Kiefer
|
|
|
Now at 1B: Chance Argy
|
|
|
Batting: RHB Ruben Domingues
|
0-0: Called Strike 0-1: Ball 1-1: Swinging Strike 1-2: Ball 2-2: Ground out 3-1 (Groundball, 34S, EV 85.6 MPH)
|
|
Batting: SHB Eric Kelley
|
0-0: Ball 1-0: Called Strike 1-1: Called Strike 1-2: Ground out 4-3 (Groundball, 34, EV 88.8 MPH)
|
|
Batting: RHB Ethan Finke
|
0-0: Ball 1-0: DOUBLE (Groundball, 5L, EV 106.2 MPH)
|
|
Batting: RHB Maup Gommers
|
0-0: Ball 1-0: Called Strike 1-1: Ball 2-1: Fly out, F7 (Line Drive, 7D, EV 106.9 MPH)
|
| Bottom of the 8th over - 0 runs, 1 hit, 0 errors, 1 left on base; Lexington 4 - Delmarva 5 |
| TOP OF THE 9TH |
|
Lexington Legends batting - Pitching for Delmarva Shorebirds : LHP Justin Hinton
|
|
Pitching: RHP Nick Hodge
|
|
|
Batting: SHB Danny Ballenger
|
0-0: Ball 1-0: Foul Ball, location: 2F 1-1: Called Strike 1-2: Strikes out looking
|
|
Pinch Hitting: LHB David Bearden
|
0-0: Ball 1-0: Called Strike 1-1: Foul Ball, location: 2F 1-2: Strikes out swinging
|
|
Batting: SHB Alex Cavazos
|
0-0: Ball 1-0: Ball 2-0: Called Strike 2-1: Called Strike 2-2: Foul Ball, location: 2F 2-2: Ball 3-2: Ground out 6-3 (Groundball, 6MD, EV 103.1 MPH)
|
| Top of the 9th over - 0 runs, 0 hits, 0 errors, 0 left on base; Lexington 4 - Delmarva 5 |
|